 Dungeon Crawl Stone Soup version 0.30.0-5-g1a98f26d00 (webtiles) character file.

Game seed: 17881016714075209940

45 SnakkuSnakku7 the Sneak (level 3, -3/27 HPs)
             Began as a Vampire Hedge Wizard on May 12, 2023.
             Killed from afar by an orc wizard (6 damage)
             ... with a puff of flame
             ... on level 3 of the Dungeon.
             The game lasted 00:02:07 (1712 turns).

SnakkuSnakku7 the Sneak (Vampire Hedge Wizard)      Turns: 1712, Time: 00:02:08

Health: -3/27      AC:  3    Str: 11    XL:     3   Next: 42%
Magic:  7/7        EV: 12    Int: 16    God:
Gold:   144        SH:  0    Dex: 13    Spells: 7/8 levels left

rFire   . .          .
                       - Unarmed
rCold   . . .        (no shield)
rNeg    . . .        b - +0 robe
rPois   .            c - +0 hat
rElec   .            h - +0 cloak
rCorr   +            (no gloves)
SInv    +            (no boots)
Will    .....        (no amulet)
Stlth   ++           p - ring of resist corrosion
HPRegen 0.44/turn    l - ring of flight
MPRegen 0.10/turn

%: no passive effects
@: flying, healing quickly
A: alive, fangs 3, see invisible, vampiric 2
a: Exsanguinate


You were on level 3 of the Dungeon.
You visited 1 branch of the dungeon, and saw 3 of its levels.

You collected 144 gold pieces.

Inventory:

Hand Weapons
 a - a +0 dagger
 g - a +0 dagger of draining
Armour
 b - a +0 robe (worn)
 c - a +0 hat (worn)
 h - a +0 cloak (worn)
Jewellery
 l - a ring of flight (right hand)
 p - a ring of resist corrosion (left hand)
Scrolls
 f - a scroll of immolation {unknown}
 i - a scroll of poison {unknown}
 k - a scroll of teleportation {unknown}
 o - a scroll of fog {unknown}
Potions
 d - a potion of magic
 m - a potion of flight
 n - a potion of curing


   Skills:
 + Level 1.9 Fighting
 - Level 2.1 Dodging
 - Level 3.0 Stealth
 + Level 2.3 Unarmed Combat
 - Level 3.0 Spellcasting
 - Level 0.6 Conjurations
 - Level 1.0 Summonings
 - Level 0.7 Translocations


You had 7 spell levels left.
You knew the following spells:

 Your Spells              Type           Power      Damage    Failure   Level
a - Magic Dart            Conj           16%        1d3       14%         1

Your spell library contained the following spells:

 Spells                   Type           Power      Damage    Failure   Level
 Necrotise                Necr           8%         1d4       19%         1
 Slow                     Hex            8%         N/A       19%         1
 Call Imp                 Summ           10%        N/A       19%         2
 Blink                    Tloc           8%         N/A       22%         2
 Cigotuvi's Dreadful Rot  Necr/Pois/Air  4%         N/A       28%         2
 Mephitic Cloud           Conj/Pois/Air  3%         N/A       45%         3
 Confusing Touch          Hex            2%         N/A       50%         3
 Vampiric Draining        Necr           2%         2d6       50%         3
 Agony                    Necr           2%         N/A       99%         5


Dungeon Overview and Level Annotations

Branches:
Dungeon (3/15)

Altars:

Annotations:
D:2 Sigmund


Innate Abilities, Weirdness & Mutations

Your natural rate of healing is accelerated.
You have razor-sharp teeth.
You have supernaturally acute eyesight. (SInv)
You are afflicted with vampirism and can become a bat while bloodless.


Message History

The orc wizard is severely wounded.
The orc wizard gestures wildly while chanting.
The orc wizard flickers and vanishes for a moment.
You hit the orc wizard.
The orc wizard is almost dead.
The orc wizard hits you but does no damage.
You barely miss the orc wizard.
The orc wizard is almost dead.
The orc wizard hits you with a +2 vampiric dagger.
* * * LOW HITPOINT WARNING * * *
The orc wizard draws strength from your wounds!
You closely miss the orc wizard.
The orc wizard is severely wounded.
The orc wizard barely misses you.
You closely miss the orc wizard.
The orc wizard is severely wounded.
The orc wizard hits you with a +2 vampiric dagger.
* * * LOW HITPOINT WARNING * * *
The orc wizard draws strength from your wounds!
You hit the orc wizard but do no damage.
You bite the orc wizard.
The orc wizard is almost dead.
The orc wizard casts a spell at you.
You are confused.
You're too confused to move!
The orc wizard closely misses you.
You bump into the rock wall.
The orc wizard hits you with a +2 vampiric dagger.
* * * LOW HITPOINT WARNING * * *
The orc wizard attacks as you move away!
The orc wizard misses you.
The orc wizard attacks as you move away!
The orc wizard hits you with a +2 vampiric dagger.
* * * LOW HITPOINT WARNING * * *
The orc wizard draws strength from your wounds!
The orc wizard gestures at you while chanting.
You resist with some effort.
You feel less confused.
The orc wizard gestures at you while chanting.
The puff of flame hits you.
You die...

#.#####...#
#.....#...#
#####=#'#.## .##
#.#.#..#..o#
#.#.##.#.#.#
#...##.#.#o#
##..##.#.#.#
####.##.#.#o#
#...@.#...#.######
#.....#####......#
#......ooo..####.#
#......###.##
#......# #.#
######## #.#
#....# #.# #.##.#
#.# #. #.# #.#


You could see an orc wizard (invisible).

Vanquished Creatures
  A worm (D:2)
  A dart slug (D:1)
  2 orcs (D:3)
  4 ball pythons
  2 bats
  3 endoplasms (D:1)
  2 giant cockroaches (D:1)
  2 goblins (D:1)
  6 hobgoblins
  2 quokkas
  4 frilled lizards
  4 kobolds
  2 rats (D:1)
35 creatures vanquished.

Notes
Turn   | Place    | Note
-------+----------+-------------------------------------------
     0 | D:1      | SnakkuSnakku7 the Vampire Hedge Wizard began the quest for
                  | the Orb.
     0 | D:1      | Reached XP level 1. HP: 13/13 MP: 4/4
   135 | D:1      | Reached skill level 1 in Unarmed Combat
   164 | D:1      | Reached skill level 1 in Fighting
   164 | D:1      | Reached XP level 2. HP: 13/20 MP: 6/6
   660 | D:1      | Found a faded altar of an unknown god.
   662 | D:1      | Gained mutation: You are afflicted with vampirism and can
                  | become a bat while bloodless. [Vampire growth]
   662 | D:1      | Reached XP level 3. HP: 25/26 MP: 7/7
   807 | D:2      | Noticed Sigmund
  1712 | D:3      | Killed from afar by an orc wizard

Illustrated notes

Levels and vault maps discovered:
D:1:      reono_arrival_forest_river, layout_loops_ring,
          shapermc_ecumenical_altar_mp_vishouse, st_stairs_6
D:2:      layout_loops_ring, eino_tiny_chamber, uniq_sigmund
D:3:      layout_basic, lemuel_doored_altar, mainiacjoe_overflow_alcove_4,
          mainiacjoe_overflow_surrounded_room, serial_co_window_serial,
          co_window_paths_b, co_window_corner_a, co_window_corner_a,
          co_window_corner_a, co_window_of_opportunity_a, co_window_paths_b,
          co_window_paths_b, co_window_corner_ca, co_window_of_opportunity_b,
          co_window_cross_2, co_window_unsneaky_path_a,
          co_window_of_opportunity_b, co_window_broadway_a, co_window_paths_c,
          co_window_paths_d, glass_columns_c, glass_columns_c,
          dk_noncrumbling_3, uniq_robin, uniq_grinder, uniq_terence

Skill      XL: |  1  2 |
---------------+-------+-----
Unarmed Combat | 1 2 |  2.3
Fighting       | 1 |  1.9
Dodging        | |  2.1
Stealth        | |  3.0
Spellcasting   | |  3.0
Conjurations   | |  0.6
Summonings     | |  1.0
Translocations | |  0.7

Action                     || total
---------------------------++-------
  Melee: Dagger            ||    97
         Bite              ||    15
         Punch             ||     3
         Unarmed           ||    56
    Use: Potion            ||     4
         Scroll            ||     2
   Stab: Sleeping          ||     6
 Armour: Robe              ||    16
  Dodge: Dodged            ||    84
